Map: Ice and Chrome LE

Players

Cyanine - Winner!

  • Race: Terran Terran
  • Spawn Location: 1:00

A.I. 1 (Very Easy)

  • Race: Terran Terran
  • Spawn Location: 7:00

VOD

Have the link to the VOD?

Description

Time

  • Played on: June 22, 2020, 8:09 p.m.
  • Length: 5:36
Show
View Real Time Build Order
Export as new Build Order

Cyanine Terran - Winner!

Build Orders: 1/1/1 

Get SALT Encoding   

  12  0:00  SCV  
  13  0:13  SCV  
  14  0:17  Supply Depot  
  14  0:25  SCV  
  14  0:27  Refinery  
  15  0:38  SCV  
  16  0:44  Barracks  
  16  0:50  SCV  
  16  0:54  Refinery  
  17  1:03  SCV  
  18  1:15  SCV  
  19  1:32  Reaper  
  20  1:33  Orbital Command  
  20  1:35  Factory  
  20  1:45  Supply Depot  
  20  1:59  SCV  
  21  2:05  Barracks Reactor  
  21  2:11  SCV  
  21  2:13  Supply Depot  
  22  2:19  Hellion  
  22  2:22  Starport  
  24  2:26  SCV  
  25  2:39  SCV  
  25  2:40  Hellion  
  25  2:42  Reaper x2  
  30  2:58  Medivac  
  32  3:05  Hellion  
  34  3:09  Supply Depot  
  34  3:14  Reaper x2  
  36  3:30  Starport Tech Lab  
  36  3:31  Factory Tech Lab  
  36  3:34  Command Center  
  36  3:35  SCV  
  37  3:46  Marine x2  
  37  3:47  SCV  
  40  3:56  Cyclone  
  40  3:59  SCV  
  40  4:01  Raven  
  46  4:03  Supply Depot  
  46  4:08  Refinery  
  46  4:11  SCV  
  47  4:25  SCV  
  47  4:31  Marine x2  
  50  4:33  Siege Tank  
  50  4:37  SCV  
  54  4:48  Orbital Command  
  54  4:49  SCV  
  54  4:52  Marine x2  
  57  5:01  SCV  
  60  5:13  SCV  
  61  5:19  SCV  
  62  5:22  Command Center  
  65  5:29  Supply Depot  
Show
View Real Time Build Order
Export as new Build Order

A.I. 1 (Very Easy) Terran 

Build Orders: Reaper Expand 

Get SALT Encoding   

  12  0:00  SCV  
  13  0:13  SCV  
  14  0:18  Supply Depot  
  14  0:43  Barracks  
  14  1:02  Command Center  
  14  1:31  Supply Depot, Orbital Command  
  14  1:32  Marine  
  15  1:37  Refinery  
  15  1:49  Refinery  
  15  1:57  SCV  
  16  2:09  SCV  
  16  2:15  SCV  
  18  2:17  Reaper  
  18  2:22  SCV  
  20  2:29  SCV  
  21  2:37  SCV  
  22  2:44  SCV  
  23  2:51  SCV  
  24  2:57  Refinery  
  24  2:58  SCV  
  25  3:02  Marine  
  25  3:05  SCV  
  27  3:12  SCV  
  28  3:14  Refinery  
  28  3:19  Factory  
  28  3:20  SCV  
  28  3:41  SCV  
  28  3:47  Marine  
  30  3:49  SCV  
  31  3:56  SCV  
  31  3:59  Supply Depot  
  32  4:03  SCV  
  32  4:06  Starport  
  33  4:10  SCV  
  34  4:17  SCV  
  34  4:20  Hellion  
  34  4:25  SCV  
  27  4:32  SCV  
  23  4:39  SCV  
  23  4:43  Starport Tech Lab  
  19  4:46  SCV  
  19  4:49  Hellion  
  20  4:58  SCV  
  13  5:04  SCV  
  8  5:10  SCV  
  9  5:16  SCV  
  6  5:22  SCV  
Tags
 
Add a new tag
Caveats
  • Supply blocks, unpowered buildings, or Contaminate may cause inaccurate times.
  • Supply counts are checked every 10 seconds.